 Dungeon Crawl Stone Soup version 0.30-a0-937-ga0a21ad780 (webtiles) character file.

Game seed: 11242531278432923726

263 demibob the Ruffian (level 5, -3/30 (41) HPs)
             Began as a Demonspawn Chaos Knight on Mar 25, 2023.
             Was a Plaything of Xom.
             Killed by nerve-wracking pain
             ... invoked by a shadow imp
              (7 damage)
             ... in a sewer.
             The game lasted 00:04:17 (2364 turns).

demibob the Ruffian (Demonspawn Chaos Knight)       Turns: 2364, Time: 00:04:17

HP:   -3/30 (41)    AC:  7    Str: 14    XL:     5   Next: 97%
MP:   5/5           EV: 11    Int: 14    God:    Xom [.....*]
Gold: 165           SH:  0    Dex: 12    Spells: 4/4 levels left

rFire   . . .      SeeInvis .      - Unarmed
rCold   . . .      Faith    .    (no shield)
rNeg    . . .      Spirit   .    b - +2 leather armour
rPois   .          Reflect  .    d - +2 hat
rElec   .          Rampage  .    (no cloak)
rCorr   .          Clarity  +    (no gloves)
Will    .....                    (no boots)
Stlth   +                        (no amulet)
HPRegen 0.25/turn                (no ring)
MPRegen 0.09/turn                (no ring)

@: flying, very heavily drained
A: antennae 1, spiny 1, weakness stinger 2, clarity
a: Renounce Religion


You were in a sewer.
You worshipped Xom.
You were Xom's teddy bear.
You visited 1 branch of the dungeon, and saw 3 of its levels.
You also visited: Sewer.

You collected 165 gold pieces.


Innate Abilities, Weirdness & Mutations

You have a pair of small antennae on your head.
You are partially covered in sharp spines.
You have a tail ending in a sharp stinger.
You possess an exceptional clarity of mind.


   Skills:
 - Level 3.0 Fighting
 - Level 3.2 Polearms
 - Level 1.7 Armour
 - Level 0.8 Dodging
 + Level 5.0 Unarmed Combat


You had 4 spell levels left.
You didn't know any spells.
Your spell library contained the following spells:

 Spells                   Type           Power      Damage    Failure   Level
 Slow                     Hex            0%         N/A       34%         1
 Cigotuvi's Dreadful Rot  Necr/Pois/Air  0%         N/A       47%         2
 Poisonous Vapours        Pois/Air       0%         N/A       47%         2
 Scorch                   Fire           0%         2d5       47%         2
 Confusing Touch          Hex            0%         N/A       71%         3
 Mephitic Cloud           Conj/Pois/Air  0%         N/A       71%         3
 Vampiric Draining        Necr           0%         2d6       71%         3
 Flame Wave               Conj/Fire      0%         2d4       98%         4
 Summon Cactus Giant      Summ           0%         N/A       100%        6

Inventory:

Hand Weapons
 a - a +0 spear of venom
Missiles
 j - 3 throwing nets {=f}
Armour
 b - a +2 leather armour (worn)
 d - a +2 hat (worn)
Jewellery
 e - an amulet of regeneration
Wands
 f - a wand of mindburst (9)
Scrolls
 k - 3 scrolls of identify {@r1}
Potions
 g - a potion of attraction
 h - a potion of curing {@q1}
 l - a potion of magic {unknown}
Miscellaneous
 c - a piece from Xom's chessboard (15/15) (quivered)

Dungeon Overview and Level Annotations

Branches:
Dungeon (3/15)              Sewer (1/1)

Altars:
Vehumet

Shops:
D:2

[
###########▒▒'▒▒#####
▒▒▒▒▒▒▒▒...▒▒▒▒▒
~≈≈≈≈▒...⌠K..▒~≈
.....'.......'.....
.....'.⌠.⚑.⌠.'....S
.....'.5.....'.....
≈≈~▒..⌠.⌠..▒~≈≈≈≈
▒▒▒▒▒z55..▒▒▒▒▒▒▒
▒▒@''▒▒ ▒≈...≈▒
▒~...~▒ ▒~...≈▒
▒~K.5≈▒ ▒≈n5.≈▒
▒≈...~▒ ▒▒!$!▒▒


You could see a kobold brigand, a necrophage, a wight, 2 shadow imps, 3 ufetubi
and a kobold.


Message History

The wight throws a datura-tipped dart.
The datura-tipped dart hits you!
The kobold brigand attacks as you move away!
The kobold brigand barely misses you. The ufetubus attacks as you move away!
The ufetubus barely misses you. x2
A shadow imp comes into view.
A ball python comes into view.
Your surroundings seem slightly different.
Xom thinks this is hilarious!
The ball python moves out of view.
A kobold, a shadow imp and an ufetubus come into view.
The kobold shouts!
The shadow imp shouts, "Beg for mercy, thou weedy clay-brained surfacer!"
The ufetubus shouts!
The shadow imp is struck by your spines.
The shadow imp hits you.
* * * LOW HITPOINT WARNING * * *
Okay, then.
A necrophage comes into view.
Found 2 pink potions, 20 gold pieces and a lumpy brown potion.
The shadow imp gestures at you.
You barely resist.
There is an open gate here.
It was a potion of flight.
You feel very buoyant.
You fly up into the air.
Xom roars with laughter!
The shadow imp gestures at you. Pain shoots through your body!
You die...
Xom howls with laughter!

Skill      XL: |  1  2  3  4  5 |
---------------+----------------+-----
Polearms       | 3 |  3.2
Unarmed Combat | 1 2 4 5 |  5.0
Fighting       | |  3.0
Armour         | |  1.7
Dodging        | |  0.8

Action                     |  1- 3 |  4- 6 || total
---------------------------+-------+-------++-------
  Melee: Spear             |   126 |    89 ||   215
         Tailslap          |    11 |    11 ||    22
         Unarmed           |       |    46 ||    46
         Punch             |       |     3 ||     3
    Use: Scroll            |     2 |     4 ||     6
         Potion            |       |     2 ||     2
   Stab: Paralysed         |       |     1 ||     1
 Armour: Leather armour    |    26 |    37 ||    63
  Dodge: Dodged            |    68 |    95 ||   163

Levels and vault maps discovered:
D:1:      lemuel_arrival_tunnels, layout_loops_corners
D:2:      layout_basic, basic_altar, serial_shops, nicolae_shop_statue_plus
D:3:      layout_basic, nicolae_overflow_hidden_temple, serial_shops,
          nicolae_shop_crystal, nicolae_shop_trees, gup_sewer_entry_bowl,
          ebering_ecumenical_altar_rust, minmay_vboxes
Sewer:    kennysheep_sewer_church

Notes
Turn   | Place    | Note
-------+----------+-------------------------------------------
     0 | D:1      | demibob the Demonspawn Chaos Knight began the quest for the
                  | Orb.
     0 | D:1      | Reached XP level 1. HP: 18/18 MP: 1/1
    23 | D:1      | XOM: silly message
   146 | D:1      | Reached skill level 3 in Polearms
   202 | D:1      | You feel monstrous as your demonic heritage exerts itself.
   202 | D:1      | Discovered your monstrous ancestry.
   202 | D:1      | Gained mutation: You have a small tail. [demonic ancestry]
   202 | D:1      | Reached XP level 2. HP: 24/24 MP: 2/2
   432 | D:1      | XOM: give mutations
   432 | D:1      | Gained mutation: You occasionally shout uncontrollably at
                  | your foes. [Xom's mischief]
   432 | D:1      | Gained mutation: You possess an exceptional clarity of
                  | mind. [Xom's mischief]
   582 | D:1      | XOM: summons 2 hostile demons
   800 | D:1      | XOM: give mutation
   800 | D:1      | Lost mutation: You occasionally shout uncontrollably at
                  | your foes. [Xom's mischief]
   985 | D:2      | XOM: noise
   993 | D:1      | Reached skill level 1 in Unarmed Combat
  1034 | D:2      | Gained mutation: You are partially covered in sharp spines.
                  | [demonic ancestry]
  1034 | D:2      | Reached XP level 3. HP: 17/29 MP: 3/3
  1105 | D:2      | Reached skill level 2 in Unarmed Combat
  1196 | D:2      | Found Xiunuen's Armour Shoppe.
  1288 | D:2      | Found a radiant altar of Vehumet.
  1337 | D:2      | Gained mutation: You have a pair of small antennae on your
                  | head. [demonic ancestry]
  1337 | D:2      | Reached XP level 4. HP: 19/35 MP: 4/4
  1338 | D:2      | Reached skill level 3 in Unarmed Combat
  1601 | D:2      | XOM: cloud trail
  1609 | D:2      | XOM: god gift: +3 quarterstaff of chaos
  1745 | D:3      | Reached skill level 4 in Unarmed Combat
  1745 | D:3      | Gained mutation: You have a tail ending in a sharp stinger.
                  | [demonic ancestry]
  1745 | D:3      | Reached XP level 5. HP: 30/41 MP: 5/5
  2085 | D:3      | XOM: cast spell 'Cause Fear'
  2097 | D:3      | XOM: god gift: wand of mindburst (9)
  2207 | D:3      | Found a glowing drain.
  2211 | Sewer    | Entered a sewer
  2309 | Sewer    | Reached skill level 5 in Unarmed Combat
  2343 | Sewer    | Found an ancient bone altar of Kikubaaqudgha.
  2364 | Sewer    | Killed from afar by a shadow imp

Vanquished Creatures
  An orc priest (D:3)
  An orc wizard (D:3)
  6 gnolls
  4 adders
  3 ufetubi (Sewer)
  An adder zombie (Sewer)
  A worm (D:3)
  A dart slug (D:3)
  6 orcs (D:3)
  3 ball pythons
  5 bats
  5 endoplasms
  6 giant cockroaches
  3 goblins
  3 hobgoblins
  8 jackals
  3 quokkas
  17 kobolds
  A kobold zombie (Sewer)
  7 rats
85 creatures vanquished.

Vanquished Creatures (others)
  A rat zombie (D:1)
1 creature vanquished.

Grand Total: 86 creatures vanquished

Table legend: (Time is in decaauts)
 A = Elapsed time spent in this place.
 B = Non-inter-level travel time spent in this place.
 C = Inter-level travel time spent in this place.
 D = Time resting spent in this place.
 E = Time spent auto-exploring this place.
 F = Levels seen in this place.
 G = Mean time per level.
                   A        B        C        D        E       F      G
               +--------+--------+--------+--------+--------+-----+--------+
         Total |   2352 |   2279 |     73 |    123 |   1650 |   4 |  588.0 |
       Dungeon |   2201 |   2128 |     73 |    123 |   1583 |   3 |  733.7 |
         Sewer |    151 |    151 |      0 |      0 |     67 |   1 |  151.0 |
               +--------+--------+--------+--------+--------+-----+--------+

Top non-repeatable levels by time:
     D:1: 994 daAuts
     D:2: 717 daAuts
     D:3: 488 daAuts
   Sewer: 151 daAuts

Table legend:
 A = Non-vault XP
 B = Vault XP
 C = Vault XP percentage of total XP
 D = Non-vault monster count
 E = Vault monster count
 F = Vault count percentage of total count
                 A         B        C        D         E       F
            +---------+---------+-------+---------+---------+-------
      Total |     290 |      86 |  22.9 |      56 |      29 |  34.1
            +---------+---------+-------+---------+---------+-------
        D:1 |      36 |       0 |   0.0 |      16 |       0 |   0.0
        D:2 |     113 |       0 |   0.0 |      21 |       0 |   0.0
        D:3 |     141 |      29 |  17.1 |      19 |      10 |  34.5
      Sewer |       0 |      57 | 100.0 |       0 |      19 | 100.0
            +---------+---------+-------+---------+---------+-------
